 Dungeon Crawl Stone Soup version 0.20.1-1-g8b1a95d (webtiles) character file.

96 dohliylev the Sneak (level 4, -1/30 HPs)
             Began as a Vampire Enchanter on July 14, 2017.
             Slain by a gnoll (5 damage)
             ... on level 3 of the Dungeon.
             The game lasted 00:06:33 (1694 turns).

dohliylev the Sneak (Vampire Enchanter)             Turns: 1694, Time: 00:06:34

Health: -1/30      AC:  2    Str:  7    XL:     4   Next: 41%
Magic:  0/7        EV: 12    Int: 18    God:
Gold:   155        SH:  0    Dex: 14    Spells: 1/7 levels left

rFire    . . .     SeeInvis +   a - +1 dagger
rCold    . . .     Gourm    .   (no shield)
rNeg     . . .     Faith    .   b - +0 robe
rPois    .         Spirit   .   (no helmet)
rElec    .         Reflect  .   (no cloak)
rCorr    .         Harm     .   (no gloves)
MR       .....                  (no boots)
Stlth    ++++......             (no amulet)
Regen    0.3/turn               (no ring)
MPRegen  0.1/turn               (no ring)

@: regenerating quickly
A: fangs 3, see invisible, unbreathing
a: no special abilities


You were on level 3 of the Dungeon.
You were full.

You visited 1 branch of the dungeon, and saw 3 of its levels.

You collected 155 gold pieces.

Inventory:

Hand Weapons
 a - a +1 dagger (weapon)
Armour
 b - a +0 robe (worn)
Jewellery
 n - a cursed ring of teleportation {unknown}
Wands
 p - a wand of disintegration (13/24)
Scrolls
 g - a scroll of identify {unknown}
 h - 2 scrolls of amnesia {unknown}
 j - a scroll of recharging {unknown}
 l - a scroll of random uselessness {unknown}
Potions
 d - 10 potions of blood
 e - a potion of flight {unknown}
 f - a potion of agility {unknown}
 i - 2 potions of haste {unknown}
 k - a potion of cancellation {unknown}
 m - a potion of curing {unknown}
 o - a potion of degeneration {unknown}
Books
 c - a book of Maledictions

   Spells                             Type                      Level
   a - Corona                         Hexes                        1
   b - Ensorcelled Hibernation        Hexes/Ice                    2
   c - Confuse                        Hexes                        3
   d - Tukima's Dance                 Hexes                        3
   e - Dazzling Spray                 Conjuration/Hexes            3


   Skills:
 - Level 1.3 Short Blades
 - Level 2.2 Dodging
 * Level 7.3 Stealth
 - Level 2.1 Spellcasting
 - Level 4.7 Hexes
 + Level 0.8 Ice Magic


You had one spell level left.
You knew the following spells:

 Your Spells              Type           Power        Failure   Level  Hunger
a - Corona                Hex            ###....      2%          1    #......
b - Ensorcelled Hibernat  Hex/Ice        ##....       9%          2    ###....
c - Confuse               Hex            ###.....     8%          3    ###....


Dungeon Overview and Level Annotations

Branches:
Dungeon (3/15)

Altars:
Dithmenos
Okawaru


Innate Abilities, Weirdness & Mutations

Your natural rate of healing is unusually fast.
You have razor-sharp teeth.
You have supernaturally acute eyesight. (SInv)
You can survive without breathing.


Message History

The gnoll hits you.
* * * LOW HITPOINT WARNING * * *
Casting: Ensorcelled Hibernation
Confirm with . or Enter, or press ? or * to list all spells.
Aiming: Ensorcelled Hibernation
Press: ? - help, Shift-Dir - straight line, f - gnoll
Aim: a gnoll (chance to defeat MR: 50%)
The gnoll looks drowsy...
The gnoll hits you.
* * * LOW HITPOINT WARNING * * *
The helpless gnoll fails to defend itself.
You impale the gnoll!!
You kill the gnoll!
Casting: Ensorcelled Hibernation
Confirm with . or Enter, or press ? or * to list all spells.
Aiming: Confuse
Press: ? - help, Shift-Dir - straight line, f - gnoll
Aim: a gnoll (almost dead, chance to defeat MR: 57%)
The gnoll resists with significant effort.
The gnoll hits you.
You die...

##..........##
########).##
######.....# .#
#..........# ####. #
#..........#
##..#...# ≈.
#..........#
#.....#.##..
[..#+#......###.#
.....#.≈ ##
##......$..###.#.....
##....@g......^.....
##....###....#.###
+....# #....#.#####..
#....# #..g..........
##..## #....#)###...
#..# ######)# ##..#
######.###.#
#...####..........#
#.#.#....####.#####..


You could see a gnoll.

Vanquished Creatures
  2 gnolls (D:3)
  An adder (D:2)
  2 oozes (D:1)
  3 worms (D:2)
  A dart slug (D:1)
  3 orcs (D:3)
  6 bats
  6 giant cockroaches
  5 goblins
  4 hobgoblins
  5 kobolds
  A quokka (D:2)
  A ball python (D:1)
  3 frilled lizards
  3 rats
46 creatures vanquished.

Notes
Turn   | Place    | Note
-------+----------+-------------------------------------------
     0 | D:1      | dohliylev the Vampire Enchanter began the quest for the Orb.
     0 | D:1      | Reached XP level 1. HP: 13/13 MP: 3/3
   358 | D:1      | Reached XP level 2. HP: 16/19 MP: 5/5
   362 | D:1      | Learned a level 2 spell: Ensorcelled Hibernation
   377 | D:1      | Reached skill level 5 in Stealth
   754 | D:1      | Reached XP level 3. HP: 18/24 MP: 1/6
   779 | D:1      | Learned a level 3 spell: Confuse
   882 | D:2      | Found a shadowy altar of Dithmenos.
   898 | D:2      | Reached skill level 6 in Stealth
  1042 | D:2      | Found an iron altar of Okawaru.
  1171 | D:2      | HP: 1/24 [bat (1)]
  1177 | D:2      | HP: 1/24 [poisoned by an adder]
  1489 | D:2      | Reached XP level 4. HP: 24/30 MP: 0/7
  1627 | D:3      | Reached skill level 7 in Stealth
  1694 | D:3      | Slain by a gnoll

Skill      XL: |  1  2  3  4 |
---------------+-------------+-----
Stealth        | 5 6 7 |  7.3
Short Blades   | |  1.3
Dodging        | |  2.2
Spellcasting   | |  2.1
Hexes          | |  4.7
Ice Magic      | |  0.8

Action                   |  1- 3 |  4- 6 || total
-------------------------+-------+-------++-------
Melee: Dagger            |    89 |    40 ||   129
       Bite              |     6 |     1 ||     7
 Cast: Ensorcelled Hiber |    21 |     5 ||    26
       Confuse           |       |     1 ||     1
  Use: Potion            |     3 |       ||     3
 Stab: Sleeping          |    27 |     2 ||    29
  Eat: Corpse            |     5 |     2 ||     7
Armor: Robe              |    20 |     6 ||    26
Dodge: Dodged            |    58 |    19 ||    77
